 Dungeon Crawl Stone Soup version 0.31.0-9-g3a7656b989 (webtiles) character file.

Game seed: 6012746372629753103

96 qw the Shooter (level 4, -6/25 HPs)
             Began as a Deep Elf Hunter on Feb 2, 2024.
             Mangled by an ogre
             ... wielding a +0 giant club
              (31 damage)
             ... on level 3 of the Dungeon.
             The game lasted 00:00:11 (2450 turns).

qw the Shooter (Deep Elf Hunter)                    Turns: 2450, Time: 00:00:12

Health: -6/25      AC:  8    Str: 10    XL:     4   Next: 41%
Magic:  6/6        EV: 11    Int: 14    God:
Gold:   175        SH:  5    Dex: 18    Spells: 3/3 levels left

rFire   + . .        a - +0 shortbow
rCold   . . .        (shield currently unavailable)
rNeg    . . .        j - +0 ring mail
rPois   .            b - +1 helmet
rElec   .            (no cloak)
rCorr   .            (no gloves)
SInv    +            g - +0 pair of boots
Will    +....        k - amulet of reflection
Stlth   +            d - ring of willpower
HPRegen 0.24/turn    (no ring)
MPRegen 0.10/turn

%: reflection
@: hasted, very quick
A: claws 1, see invisible, fire resistance 1
a: no special abilities


You were on level 3 of the Dungeon.
You visited 1 branch of the dungeon, and saw 4 of its levels.

You collected 175 gold pieces.


Innate Abilities, Weirdness & Mutations

You have sharp fingernails.
You have supernaturally acute eyesight. (SInv)
Your flesh is heat resistant. (rF+)


   Skills:
 - Level 1.5 Fighting
 + Level 7.8 Ranged Weapons
 - Level 2.4 Dodging
 - Level 1.2 Stealth


You had 3 spell levels left.
You didn't know any spells.
Your spell library was empty.

Inventory:

Hand Weapons
 a - a +0 shortbow (weapon)
Armour
 b - a +1 helmet (worn)
 g - a +0 pair of boots (worn)
 j - a +0 ring mail (worn)
Jewellery
 d - a ring of willpower (left claw)
 k - an amulet of reflection (around neck)
Scrolls
 f - 2 scrolls of teleportation
Potions
 e - 3 potions of mutation
 h - a potion of berserk rage {unknown}
 l - a potion of curing {unknown}

Dungeon Overview and Level Annotations

Branches:
Dungeon (4/15)
 Temple: D:4-7

Altars:
Ashenzari
Elyvilon
Nemelex Xobeh
Qazlal

Shops:
D:2 *

Annotations:
D:2 2 transporters
D:4 Menkaure


Message History

You start putting on your armour.
You continue putting on your +0 pair of boots. x4
You finish putting on your +0 pair of boots.
Done exploring.
2430 ||| UPGRADING to amulet of reflection.
You start putting on your amulet.
You continue putting on your amulet of reflection. x5
You finish putting on your amulet of reflection.
You feel a shielding aura gather around you.
k - an amulet of reflection (around neck) Done exploring.
2435 ||| READING scroll labelled ZUREZEISO.
As you read the scroll labelled ZUREZEISO, it crumbles to dust.
It is a scroll of enchant armour.
2435 ||| ENCHANTING +0 helmet.
Your +0 helmet glows green for a moment.
Done exploring.
What level of the Dungeon? (default 3, ? - help)
You see here 6 stones.
There is a stone staircase leading down here.
You climb downwards.
The ogre shouts!
The hobgoblin shouts!
The goblin shouts!
The hobgoblin shouts!
Found a ring mail.
There is a stone staircase leading up here.
There are monsters nearby!
Waypoint 3 assigned to D:4.
2444 ||| DRINKING potion of haste.
You feel yourself speed up.
2445 ||| STAIRDANCE You climb upwards.
There is a stone staircase leading down here.
You shoot an arrow. The arrow barely misses the ogre.
You block the ogre's attack.
You shoot an arrow. The arrow hits the ogre!
The ogre is moderately wounded.
You shoot an arrow. The arrow hits the ogre!
The ogre is heavily wounded.
The ogre barely misses you.
You shoot an arrow. The arrow barely misses the ogre.
The ogre hits you with a +0 giant club!!
Ouch! That really hurt!
You die...

###......#.#
.........#.#
.###.....#.# .#
#.....#.# .#
####.##.###### .#
#............# .#
#........(...#
.###............##
...+............@#
...#......#....O##
##.#.....###....#
##.#....#####...#
##.#...###.#'#..#
...#..###._.###.#
...#...###.#'#..#
...#....#####...#
###......###....#


You could see an ogre.

Vanquished Creatures
  An adder (D:2)
  2 dart slugs
  3 ribbon worms (D:2)
  6 ball pythons
  12 bats
  7 endoplasms
  3 giant cockroaches
  3 goblins
  8 hobgoblins
  6 jackals
  3 kobolds
  6 quokkas
  3 frilled lizards (D:1)
  4 rats
67 creatures vanquished.

Notes
Turn   | Place    | Note
-------+----------+-------------------------------------------
     0 | D:1      | qw the Deep Elf Hunter began the quest for the Orb.
     0 | D:1      | Reached XP level 1. HP: 12/12 MP: 3/3
     0 | D:1      | 0 ||| qw: Version: 0.3-a-155-g5e7d8dd
     0 | D:1      | 0 ||| qw: Game counter: 2527
     0 | D:1      | 0 ||| qw: Melee chars always use a shield: true
     0 | D:1      | 0 ||| qw: God list: Okawaru
     0 | D:1      | 0 ||| qw: Allow faded altars: false
     0 | D:1      | 0 ||| qw: Do Orc after clearing Dungeon:15 true
     0 | D:1      | 0 ||| qw: Do second Lair branch before Depths: true
     0 | D:1      | 0 ||| qw: Lair rune preference: random
     0 | D:1      | 0 ||| qw: Goals: Normal
     0 | D:1      | 0 ||| PLANNING D:1-11
    94 | D:1      | Reached skill level 6 in Ranged Weapons
    94 | D:1      | Reached XP level 2. HP: 16/16 MP: 4/4
   141 | D:1      | HP: 3/16 [jackal (2)]
   271 | D:1      | Reached XP level 3. HP: 20/20 MP: 5/5
   559 | D:1      | 559 ||| UPGRADING to +0 ring mail.
   569 | D:1      | 569 ||| DROPPING +0 leather armour.
   570 | D:1      | 570 ||| READING 2 scrolls labelled ROFFUSCHUAS.
   571 | D:1      | 571 ||| READING scroll labelled ARCHUO RIARRAD.
   575 | D:1      | 575 ||| READING 2 scrolls labelled FOAFREJOPA.
   676 | D:1      | 676 ||| READING scroll labelled GETOHO AFUTEFO.
   677 | D:1      | 677 ||| READING scroll labelled POOMEO CUQIE.
   713 | D:1      | 713 ||| DROPPING scroll of butterflies.
   714 | D:1      | 714 ||| DROPPING scroll of immolation.
   715 | D:1      | 715 ||| DROPPING scroll of vulnerability.
   755 | D:2      | Reached skill level 7 in Ranged Weapons
   862 | D:2      | Found a transporter.
   862 | D:2      | Found Hoz Ocie's Assorted Antiques.
  1089 | D:2      | Found a white marble altar of Elyvilon.
  1229 | D:2      | Reached XP level 4. HP: 25/25 MP: 6/6
  1623 | D:2      | Found a transporter.
  1816 | D:2      | 1816 ||| DROPPING ring of wizardry.
  1817 | D:2      | 1817 ||| UPGRADING to ring of willpower.
  1818 | D:2      | 1818 ||| READING scroll labelled CAHUTA AKKIEFY.
  1819 | D:2      | 1819 ||| READING scroll labelled VUHEQOMYUN.
  1819 | D:2      | 1819 ||| IDENTIFYING white potion
  1820 | D:2      | 1820 ||| READING scroll labelled YTEICU TANOEX.
  1821 | D:2      | 1821 ||| DRINKING 2 murky emerald potions.
  1821 | D:2      | Gained mutation: You have supernaturally acute eyesight.
                  | (SInv) [potion of mutation]
  1821 | D:2      | Gained mutation: You have sharp fingernails. [potion of
                  | mutation]
  1821 | D:2      | Gained mutation: Your flesh is heat resistant. (rF+)
                  | [potion of mutation]
  1822 | D:2      | 1822 ||| DRINKING 2 dark potions.
  1823 | D:2      | 1823 ||| DROPPING potion of brilliance.
  1825 | D:2      | 1825 ||| Stepping ~*~*~tactically~*~*~ (cloud).
  1829 | D:2      | HP: 6/25 [poisoned by you (poison gas)]
  1834 | D:2      | HP: 2/25 [poisoned by you (poison gas)]
  1962 | D:3      | 1962 ||| STAIRDANCE
  2212 | D:3      | Found a stormy altar of Qazlal.
  2258 | D:3      | Found a faded altar of an unknown god.
  2363 | D:3      | Found a broken altar of Ashenzari.
  2377 | D:3      | Found a sparkling altar of Nemelex Xobeh.
  2420 | D:3      | 2420 ||| UPGRADING to +0 helmet.
  2425 | D:3      | 2425 ||| UPGRADING to +0 pair of boots.
  2430 | D:3      | 2430 ||| UPGRADING to amulet of reflection.
  2435 | D:3      | 2435 ||| READING scroll labelled ZUREZEISO.
  2435 | D:3      | 2435 ||| ENCHANTING +0 helmet.
  2443 | D:4      | Noticed Menkaure
  2443 | D:4      | Noticed an ogre
  2444 | D:4      | 2444 ||| DRINKING potion of haste.
  2445 | D:4      | 2445 ||| STAIRDANCE
  2450 | D:3      | Mangled by an ogre

Levels and vault maps discovered:
D:1:      saegor_arrival_under_anarchy, layout_basic
D:2:      layout_basic, serial_forest, infiniplex_forest_split,
          infiniplex_forest_lined_corner, infiniplex_forest_lined_corner,
          infiniplex_forest_lined_3_way, infiniplex_forest_clump_cross,
          infiniplex_forest_lined_1, infiniplex_forest_clump_large, basic_altar,
          serial_shops, nicolae_shop_drivethru, chequers_mini_garden
D:3:      layout_basic, nemelex_diamond_rough_becter,
          nicolae_qazlal_general_emergency, ashenzari_conservatory_becter,
          hellmonk_ecumenical_altar_zigzags, minmay_misc_feat_tiny
D:4:      layout_cave_pools, grunt_temple_overflow_open,
          minmay_temple_entry_stoned_glass, minivault_1, nicolae_tricolors,
          uniq_pikel, uniq_menkaure, uniq_crazy_yiuf_cottage

Skill      XL: |  1  2  3 |
---------------+----------+-----
Ranged Weapons | 6 7 |  7.8
Fighting       | |  1.5
Dodging        | |  2.4
Stealth        | |  1.2

Action                     |  1- 3 |  4- 6 || total
---------------------------+-------+-------++-------
   Fire: Shortbow          |   146 |    59 ||   205
    Use: Scroll            |     5 |     4 ||     9
         Potion            |       |     3 ||     3
 Armour: Leather armour    |    22 |       ||    22
         Ring mail         |    14 |    13 ||    27
  Dodge: Dodged            |    45 |    13 ||    58
  Block: Other             |       |     1 ||     1

Table legend:
 A = Non-vault XP
 B = Vault XP
 C = Vault XP percentage of total XP
 D = Non-vault monster count
 E = Vault monster count
 F = Vault count percentage of total count
                 A         B        C        D         E       F
            +---------+---------+-------+---------+---------+-------
      Total |     138 |       0 |   0.0 |      67 |       0 |   0.0
            +---------+---------+-------+---------+---------+-------
        D:1 |      51 |       0 |   0.0 |      30 |       0 |   0.0
        D:2 |      64 |       0 |   0.0 |      26 |       0 |   0.0
        D:3 |      23 |       0 |   0.0 |      11 |       0 |   0.0
            +---------+---------+-------+---------+---------+-------
